 Dungeon Crawl Stone Soup version 0.30-b1-2-g02819fbbbe (webtiles) character file.

Game seed: 3243432380086594053

759 Maffolandro the Martial Artist (level 8, 0/64 HPs)
             Began as a Human Wanderer on Dec 23, 2023.
             Slain by Duvessa
             ... wielding a +0 short sword
              (11 damage)
             ... on level 6 of the Dungeon.
             The game lasted 00:11:05 (4338 turns).

Maffolandro the Martial Artist (Human Wanderer)     Turns: 4338, Time: 00:11:05

Health: 0/64       AC:  6    Str: 16    XL:     8   Next: 7%
Magic:  8/8        EV: 10    Int: 13    God:
Gold:   322        SH:  8    Dex: 17    Spells: 7/7 levels left

rFire   . .          .
                       - Unarmed
rCold   + + +        G - +4 buckler "Ipsiqy" {rC+++}
rNeg    . . .        l - +0 ring mail
rPois   .            w - +0 helmet
rElec   .            (no cloak)
rCorr   .            (no gloves)
SInv    .            (no boots)
Will    .....        j - amulet of regeneration
Stlth   +            m - +6 ring of strength
HPRegen 1.10/turn    (no ring)
MPRegen 0.11/turn

%: no passive effects
@: no status effects
A: no striking features
a: no special abilities


You were on level 6 of the Dungeon.
You visited 1 branch of the dungeon, and saw 6 of its levels.

You collected 322 gold pieces.

Inventory:

Hand Weapons
 a - a +0 dagger
Missiles
 h - 2 javelins
 x - 6 datura-tipped darts
 A - 2 poisoned darts (quivered)
 B - 6 boomerangs
Armour
 f - a +0 robe
 l - a +0 ring mail (worn)
 t - an orb of energy
 w - a +0 helmet (worn)
 G - the +4 buckler "Ipsiqy" (worn) {rC+++}
   (You found it on level 5 of the Dungeon)

   rC:        It renders you almost immune to cold.
Jewellery
 j - an amulet of regeneration (around neck)
 m - a +6 ring of strength (left hand)
Wands
 y - a wand of quicksilver (20)
 z - a wand of flame (6)
Scrolls
 b - 2 scrolls of fear
 d - a scroll of fog
 e - 5 scrolls of teleportation
 i - a scroll of amnesia {unknown}
 k - a scroll of noise {unknown}
 r - a scroll of vulnerability {unknown}
 v - 3 scrolls of identify {unknown}
 C - 4 scrolls of silence {unknown}
 D - a scroll of poison {unknown}
 E - a scroll of magic mapping {unknown}
Potions
 c - 5 potions of curing
 g - a potion of invisibility
 n - a potion of haste {unknown}
 o - a potion of mutation {unknown}
 p - a potion of brilliance {unknown}
 q - 2 potions of heal wounds {unknown}
 s - a potion of flight {unknown}
 u - a potion of degeneration {unknown}
 F - a potion of lignification {unknown}


   Skills:
 * Level 6.0 Fighting
 - Level 1.0 Armour
 + Level 1.3 Dodging
 + Level 8.1 Unarmed Combat
 - Level 1.0 Evocations


You had 7 spell levels left.
You didn't know any spells.
Your spell library contained the following spells:

 Spells                   Type           Power      Damage    Failure   Level
 Necrotise                Necr           0%         1d4       61%         1
 Slow                     Hex            0%         N/A       61%         1
 Confusing Touch          Hex            0%         N/A       93%         3
 Vampiric Draining        Necr           0%         2d6       93%         3
 Agony                    Necr           0%         N/A       100%        5
 Borgnjor's Revivificati  Necr           0%         N/A       100%        8
 Necromutation            Tmut/Necr      0%         N/A       100%        8
 Death's Door             Necr           0%         N/A       100%        9


Dungeon Overview and Level Annotations

Branches:
Dungeon (6/15)
 Temple: D:4-7

Altars:
Ashenzari

Annotations:
D:6 Dowan, Duvessa


Message History

Duvessa hits you with a +0 short sword.
You hit Duvessa.
Duvessa is severely wounded.
Duvessa hits you with a +0 short sword! Dowan casts a spell at you.
The puff of flame hits you!
* * * LOW HITPOINT WARNING * * *
You hit Duvessa but do no damage.
Duvessa is severely wounded.
You block Duvessa's attack.
You hit Duvessa.
Duvessa is severely wounded.
You block Duvessa's attack. Dowan hits you with a +0 dagger.
* * * LOW HITPOINT WARNING * * *
You hit Duvessa but do no damage.
Duvessa is severely wounded.
Duvessa barely misses you. Dowan hits you with a +0 dagger.
* * * LOW HITPOINT WARNING * * *
You block Duvessa's attack.
You hit Duvessa but do no damage.
Duvessa is severely wounded.
Duvessa hits you but does no damage. You block Dowan's attack.
You barely miss Duvessa.
Duvessa is severely wounded.
Duvessa says, "Where magic fails, the sword succeeds!"
You block Duvessa's attack. Dowan hits you but does no damage.
Duvessa hits you with a +0 short sword!
* * * LOW HITPOINT WARNING * * *
You closely miss Duvessa.
Duvessa is severely wounded.
You block Duvessa's attack.
Dowan casts a spell.
Dowan blinks!
You hit Duvessa.
Duvessa is almost dead.
You block Duvessa's attack.
You closely miss Duvessa.
Duvessa is almost dead.
Duvessa hits you with a +0 short sword!
You die...

.########
........#
#e# #@#
#.# #e#
... ..#
#.>. #..#
...#


You could see Duvessa (fast) and Dowan.

Vanquished Creatures
  An ogre (D:4)
  A black bear (D:4)
  4 wights
  3 hounds (D:5)
  An iguana (D:5)
  A sleepcap (D:5)
  An orc wizard (D:5)
  6 gnolls
  7 adders
  5 dart slugs
  8 orcs
  6 endoplasms
  3 giant cockroaches
  6 goblins
  6 hobgoblins
  4 jackals (D:5)
  6 kobolds
  A quokka (D:2)
  8 ball pythons
  2 bats
  2 frilled lizards (D:1)
  5 rats
87 creatures vanquished.

Notes
Turn   | Place    | Note
-------+----------+-------------------------------------------
     0 | D:1      | Maffolandro the Human Wanderer began the quest for the Orb.
     0 | D:1      | Maffolandro set off with the following items: a +0 dagger,
                  | a scroll of fear, a potion of curing, a scroll of fog, a
                  | scroll of teleportation, a +0 robe, a potion of
                  | invisibility.
     0 | D:1      | Reached XP level 1. HP: 18/18 MP: 1/1
   286 | D:1      | Reached XP level 2. HP: 24/24 MP: 2/2
   673 | D:2      | Reached XP level 3. HP: 29/29 MP: 3/3
  1217 | D:2      | Reached XP level 4. HP: 19/36 MP: 4/4
  1570 | D:3      | Reached skill level 6 in Unarmed Combat
  2275 | D:3      | Reached XP level 5. HP: 42/42 MP: 5/5
  2913 | D:4      | Noticed an ogre
  2934 | D:4      | Killed an ogre
  2935 | D:4      | Reached XP level 6. HP: 49/49 MP: 6/6
  2990 | D:4      | Reached skill level 7 in Unarmed Combat
  3148 | D:4      | Reached XP level 7. HP: 47/55 MP: 7/7
  3227 | D:3      | Reached skill level 5 in Fighting
  3300 | D:4      | Identified the +0 trident "Wittamp" {flame, *Corrode rF+
                  | Stlth+}
  3365 | D:4      | Reached skill level 8 in Unarmed Combat
  3721 | D:5      | Entered Level 5 of the Dungeon
  3732 | D:5      | Found a broken altar of Ashenzari.
  3733 | D:5      | Identified the +4 buckler "Ipsiqy" {rC+++}
  3918 | D:5      | Reached skill level 1 in Dodging
  3957 | D:5      | Reached XP level 8. HP: 63/64 MP: 8/8
  4307 | D:6      | Noticed Duvessa
  4314 | D:6      | Noticed Dowan
  4338 | D:6      | Slain by Duvessa

Illustrated notes

Levels and vault maps discovered:
D:1:      minmay_arrival_doors, layout_loops_ring, nrook_loot_triangle,
          minmay_pentomino_t4
D:2:      layout_loops_ring
D:3:      layout_basic
D:4:      layout_rooms
D:5:      layout_rooms, evilmike_ruin_ashenzari
D:6:      layout_loops_ring, elyvilon_altar_5, mainiacjoe_overflow_alcove_1,
          eat_drink_and_be_merry_uskayaw, temple_statues, uniq_duvessa,
          uniq_eustachio, uniq_prince_ribbit1, uniq_pikel

Skill      XL: |  1  2  3  4  5  6  7  8 |
---------------+-------------------------+-----
Unarmed Combat | 6 7 8 |  8.1
Fighting       | 4 5 6 |  6.0
Dodging        | 1 |  1.3
Armour         | |  1.0
Evocations     | |  1.0

Action                     |  1- 3 |  4- 6 |  7- 9 || total
---------------------------+-------+-------+-------++-------
  Melee: Unarmed           |    68 |   155 |   133 ||   356
         Punch             |     2 |     5 |     1 ||     8
  Throw: Dart              |       |     5 |       ||     5
  Evoke: Wand              |       |     6 |       ||     6
 Armour: Ring mail         |    20 |    48 |    29 ||    97
  Dodge: Dodged            |    28 |    63 |    52 ||   143
  Block: Buckler           |       |       |    22 ||    22
